 Dungeon Crawl Stone Soup version 0.25.0-11-g1f837a76a1 (webtiles) character file.

Game seed: 7579868802420383496

375 protoss039 the Magician (level 6, -3/32 HPs)
             Began as a Deep Elf Earth Elementalist on June 26, 2020.
             Slain by an orc wizard
             ... wielding a +0 morningstar
              (10 damage)
             ... on level 4 of the Dungeon.
             The game lasted 00:11:13 (5626 turns).

protoss039 the Magician (DEEE)                      Turns: 5626, Time: 00:11:16

Health: -3/32      AC:  5    Str:  5    XL:     6   Next: 44%
Magic:  17/17      EV: 13    Int: 22    God:
Gold:   149        SH:  0    Dex: 15    Spells: 12/18 levels left

rFire    + . .     SeeInvis .   i - +0 spear
rCold    . . .     Gourm    .   (no shield)
rNeg     . . .     Faith    .   c - +0 robe
rPois    .         Spirit   .   j - +0 helmet
rElec    .         Reflect  .   (no cloak)
rCorr    .         Harm     .   (no gloves)
MR       .....                  (no boots)
Stlth    ++........             (no amulet)
HPRegen  0.10/turn              (no ring)
MPRegen  0.15/turn              (no ring)

@: brilliant
A: molten scales 1, fire resistance 1, MP-powered wands
a: no special abilities


You were on level 4 of the Dungeon.
You were not hungry.

You visited 1 branch of the dungeon, and saw 4 of its levels.
You also visited: Sewer.

You collected 149 gold pieces.

Inventory:

Hand Weapons
 i - a +0 spear (weapon)
Missiles
 b - 5 stones (quivered)
Armour
 c - a +0 robe (worn)
 j - a +0 helmet (worn)
Scrolls
 a - 7 scrolls of enchant armour {unknown}
 e - 2 scrolls of enchant weapon {unknown}
 g - 2 scrolls of magic mapping {unknown}
 h - 2 scrolls of fog {unknown}
 k - 2 scrolls of remove curse {unknown}
 p - 5 scrolls of identify {unknown}
 q - a scroll of immolation {unknown}
 r - a scroll of noise {unknown}
 w - a scroll of teleportation {unknown}
Potions
 f - a potion of flight {unknown}
 l - a potion of invisibility {unknown}
 m - a potion of curing
 n - a potion of mutation
 o - a potion of resistance {unknown}
 s - 2 potions of magic {unknown}
 t - a potion of might {unknown}
 u - a potion of stabbing {unknown}
 v - a potion of brilliance
 x - a potion of heal wounds {unknown}
Comestibles
 d - 6 rations


   Skills:
 - Level 2.4 Dodging
 - Level 2.4 Stealth
 + Level 6.8 Spellcasting
 + Level 1.1 Transmutations
 + Level 6.1 Earth Magic


You had 12 spell levels left.
You knew the following spells:

 Your Spells              Type           Power        Failure   Level  Hunger
a - Sandblast             Erth           ######       1%          1    None
b - Passwall              Tmut/Erth      #####...     2%          2    None
c - Stone Arrow           Conj/Erth      ####..       7%          3    None

Your spell library contained the following spells:

 Spells                   Type           Power        Failure   Level  Hunger
 Petrify                  Tmut/Erth      #####...     19%         4    None
 Lee's Rapid Deconstruct  Erth           ######....   19%         5    None


Dungeon Overview and Level Annotations

Branches:
Dungeon (4/15)              Sewer (visited)
 Temple: D:4-7

Altars:
Cheibriados
Qazlal
Uskayaw


Innate Abilities, Weirdness & Mutations

You are partially covered in molten scales. (AC +2)
Your flesh is heat resistant. (rF+)
You expend magic power (3 MP) to strengthen your wands.


Message History

You feel better.
You hear some strange, mumbled words.
A magic dart appears from out of thin air!
The magic dart hits you! The scorpion misses you.
Unknown command.
Unknown command.
You feel better. Something hits you but does no damage.
The scorpion stings you!
Unknown command.
Unknown command.
Unknown command.
Okay, then.
It was a potion of mutation.
You feel extremely strange.
You feel your magical essence link to the dungeon's wands.
You feel resistant to heat.
Molten scales grow over part of your body.
The scorpion stings you.
* * * LOW HITPOINT WARNING * * *
Something hits you!
You die...

.# ##### ##...# ######
##..#########≈...#
#..###≈≈≈≈≈≈≈≈.≈.#
..###.≈≈≈≈≈≈≈.≈#.# . .##
#..#########{###.... ##
#..≈≈≈≈≈≈##.@s...... #
##≈≈≈...≈.##........
##≈≈≈≈≈≈..#........
#########..#........
##.≈≈≈≈≈≈≈≈≈#........# #
#≈.≈≈..≈.≈≈##........#
####..#########..####...###
.........# .....# #.....
.......### #...o# #......


You could see a scorpion.

Vanquished Creatures
  A big kobold (Sewer)
  A jelly (D:4)
  An iguana (D:4)
  An orc wizard (D:4)
  4 adders
  6 river rats (Sewer)
  A shadow imp (D:4)
  3 oozes
  A dart slug (D:1)
  5 leopard geckos
  7 orcs
  9 bats
  7 giant cockroaches
  6 goblins
  6 hobgoblins
  6 jackals
  17 kobolds
  A quokka (D:2)
  9 ball pythons
  A frilled lizard (D:2)
  A quokka skeleton (D:4)
  22 rats
116 creatures vanquished.

Notes
Turn   | Place    | Note
-------+----------+-------------------------------------------
     0 | D:1      | protoss039 the Deep Elf Earth Elementalist began the quest
                  | for the Orb.
     0 | D:1      | Reached XP level 1. HP: 10/10 MP: 6/6
   627 | D:1      | Reached XP level 2. HP: 15/15 MP: 6/8
  1543 | D:2      | Reached XP level 3. HP: 15/19 MP: 8/10
  2259 | D:2      | Found a stormy altar of Qazlal.
  2260 | D:2      | Found a snail-covered altar of Cheibriados.
  2261 | D:2      | Found a hide-covered altar of Uskayaw.
  3336 | D:3      | Reached XP level 4. HP: 24/24 MP: 9/12
  3832 | D:4      | Reached skill level 5 in Spellcasting
  3837 | D:3      | Reached skill level 5 in Earth Magic
  3873 | D:4      | Reached XP level 5. HP: 28/28 MP: 10/14
  3883 | D:4      | Learned a level 2 spell: Passwall
  3887 | D:4      | Learned a level 3 spell: Stone Arrow
  4163 | D:4      | Found a glowing drain.
  4195 | Sewer    | Entered a sewer
  5208 | Sewer    | Reached XP level 6. HP: 25/32 MP: 11/17
  5626 | D:4      | Gained mutation: You expend magic power (3 MP) to
                  | strengthen your wands. [potion of mutation]
  5626 | D:4      | Gained mutation: Your flesh is heat resistant. (rF+)
                  | [potion of mutation]
  5626 | D:4      | Gained mutation: You are partially covered in molten
                  | scales. (AC +2) [potion of mutation]
  5626 | D:4      | Slain by an orc wizard

Illustrated notes

Levels and vault maps discovered:
D:1:      ncdulo_watergridlock, layout_basic, chequers_decorated_corner,
          minmay_misc_feat_tower, roderic_lattice_a, minmay_pentomino_o4
D:2:      layout_loops_corners, gammafunk_temple_overflow_claw, first_ration,
          serial_rivers, chequers_serial_rivers_small_b,
          chequers_serial_rivers_small_b, chequers_serial_rivers_micro_b,
          chequers_serial_rivers_large_a, chequers_serial_rivers_room_a,
          kennysheep_generic_room_9
D:3:      layout_basic
D:4:      cheibrodos_thug_alley, layout_layer_cave, gup_sewer_entry_pipe,
          uniq_natasha

Skill      XL: |  1  2  3  4  5  6 |
---------------+-------------------+-----
Earth Magic    | 4 5 6 |  6.1
Spellcasting   | 4 5 6 |  6.8
Dodging        | |  2.4
Stealth        | |  2.4
Transmutations | |  1.1

Action                   |  1- 3 |  4- 6 || total
-------------------------+-------+-------++-------
Melee: Unarmed           |     4 |       ||     4
       Spear             |    78 |    74 ||   152
 Cast: Sandblast         |    41 |    85 ||   126
       Stone Arrow       |       |     1 ||     1
  Use: Potion            |       |     9 ||     9
 Stab: Sleeping          |     8 |     1 ||     9
  Eat: Chunk             |     5 |     6 ||    11
       Ration            |     1 |       ||     1
Armor: Robe              |    17 |    29 ||    46
Dodge: Dodged            |    65 |    67 ||   132
